AoeStats
← 739697286

Arena

509841254Analyzed
4v4 RM · 5d ago on Sep 28, 2026· 38m 59s· 8 players
Game mode
Random Map
Map size
Large (8 player)
Population
200
Speed
Normal
Resources
Standard
Victory
Conquest
Starting age
Dark Age
Ending age
Imperial Age
RankedLock teamsTeams togetherTeam positionsShared explorationLock speedFull tech treeHidden civsTurbo modeCheats
Victory
Defeat
🇨🇳 Spanish · China
1589
+10
🇭🇰 Cumans · Hong Kong SAR China
1572
+10
🇨🇳 Shu · China
1496
+13
🇨🇳 Vietnamese · China
1431
+17
🇨🇳 Celts · China
1493
-14
🇨🇳 Persians · China
1459
-13
🇨🇳 Portuguese · China
1420
-12
🇪🇸 Cumans · Spain
1394
-11
秦墨子
10:31 Feudal Age
14:21 Castle Age
12:33 Horse Collar
13:05 Double-Bit Axe
14:41 Wheelbarrow
20:07 Heavy Plow
21:44 Gold Mining
22:28 Bow Saw
23:09 Hand Cart
24:42 Gold Shaft Mining
24:17 Stone Mining
26:29 Stone Shaft Mining
28:37 Imperial Age
26:43 Loom
26:43 Town Watch
28:45 Forging
28:40 Scale Barding Armor
28:47 Husbandry
28:57 Bloodlines
28:19 Cavalier
30:06 Iron Casting
29:22 Fletching
29:33 Padded Archer Armor
29:27 Savar
30:31 Chain Barding Armor
30:34 Ballistics
31:14 Chemistry
30:56 Conscription
30:19 Elite Skirmisher
31:05 Thumb Ring
32:25 Bodkin Arrow
32:45 Leather Archer Armor
VaultBoy
9:42 Feudal Age
10:17 Double-Bit Axe
10:13 Horse Collar
17:40 Loom
20:10 Castle Age
18:49 Forging
18:45 Scale Barding Armor
20:16 Wheelbarrow
21:27 Iron Casting
21:13 Chain Barding Armor
21:42 Bloodlines
22:06 Bow Saw
22:07 Heavy Plow
26:46 Capped Ram
33:16 Imperial Age
31:52 Gold Mining
34:34 Plate Barding Armor
33:29 Cavalier
35:55 Blast Furnace
36:44 Coinage
35:47 Paladin
739697286
10:39 Feudal Age
12:38 Double-Bit Axe
15:02 Castle Age
13:04 Loom
13:22 Gold Mining
13:14 Horse Collar
16:47 Bow Saw
16:17 Man-at-Arms
17:01 Gambesons
17:05 Arson
17:15 Long Swordsman
25:26 Wheelbarrow
27:05 Heavy Plow
29:10 Scale Mail Armor
29:31 Elite Skirmisher
31:53 Fletching
32:03 Padded Archer Armor
32:14 Forging
33:26 Gold Shaft Mining
32:41 Stone Mining
33:26 Gold Shaft Mining
32:42 Stone Mining
33:27 Gold Shaft Mining
32:42 Stone Mining
33:27 Gold Shaft Mining
33:39 Forging
36:09 Iron Casting
35:49 Chain Mail Armor
36:10 Iron Casting
35:50 Chain Mail Armor
36:10 Iron Casting
35:50 Chain Mail Armor
35:31 Bodkin Arrow
35:51 Leather Archer Armor
36:28 Scale Barding Armor
39:46 Imperial Age
37:54 Pikeman
蒜香骨
7:37 Loom
9:39 Feudal Age
10:02 Feudal Age
14:35 Castle Age
13:40 Double-Bit Axe
13:38 Horse Collar
13:58 Stone Mining
28:03 Imperial Age
27:17 Bow Saw
29:48 Chemistry
37:30 Fortified Wall
37:17 Murder Holes
dennis2_02
9:16 Feudal Age
10:06 Double-Bit Axe
10:04 Horse Collar
19:16 Castle Age
17:31 Gold Mining
17:28 Loom
18:24 Wheelbarrow
28:26 Bow Saw
28:20 Heavy Plow
32:00 Bloodlines
32:14 Scale Barding Armor
32:20 Forging
35:44 Imperial Age
34:23 Hand Cart
35:09 Chain Barding Armor
35:25 Iron Casting
35:53 Iron Casting
35:45 Elite Steppe Lancer
37:03 Conscription
36:29 Capped Ram
37:57 Plate Barding Armor
38:22 Blast Furnace
37:30 Siege Ram
40:14 Blast Furnace
冬瀑
5:29 Loom
10:11 Feudal Age
13:44 Castle Age
11:52 Horse Collar
14:25 Town Watch
14:32 Double-Bit Axe
15:33 Bow Saw
16:53 Loom
20:08 Wheelbarrow
23:09 Gold Mining
24:28 Padded Archer Armor
25:39 Leather Archer Armor
25:56 Bloodlines
26:14 Husbandry
28:23 Stone Mining
28:56 Hand Cart
30:26 Fletching
31:08 Bodkin Arrow
32:23 Stone Shaft Mining
37:07 Imperial Age
36:30 Heavy Plow
37:24 Elite Conquistador
38:35 Ring Archer Armor
39:06 Two-Man Saw
38:36 Supremacy
39:38 Conscription
39:54 Hoardings
教授
7:41 Loom
10:28 Feudal Age
11:25 Double-Bit Axe
14:01 Castle Age
12:08 Horse Collar
14:55 Bow Saw
21:44 Wheelbarrow
25:51 Imperial Age
23:51 Thumb Ring
23:14 Crossbowman
23:58 Fletching
24:41 Ballistics
25:00 Bodkin Arrow
25:23 Padded Archer Armor
26:00 Loom
26:31 Hand Cart
26:37 Bracer
26:18 Arbalester
29:18 Leather Archer Armor
30:07 Chemistry
29:12 Town Watch
32:11 Gold Mining
32:56 Scale Barding Armor
33:55 Bolt Magazine
34:24 Masonry
34:21 Siege Engineers
36:09 Ring Archer Armor
38:46 Heavy Plow
40:00 Two-Man Saw
chenst2020
10:28 Feudal Age
11:52 Double-Bit Axe
14:36 Castle Age
16:32 Wheelbarrow
19:35 Loom
19:53 Horse Collar
21:53 Gold Mining
22:49 Hand Cart
22:37 Heavy Plow
24:46 Stone Mining
25:05 Scale Barding Armor
29:27 Imperial Age
27:28 Forging
28:01 Chain Barding Armor
28:21 Bloodlines
28:26 Chatras
29:42 Iron Casting
29:10 Husbandry
31:23 Plate Barding Armor
32:01 Elite Battle Elephant
34:19 Crop Rotation
37:29 Paper Money
37:46 Bow Saw
39:55 Two-Man Saw
Connection lost

Rejoining the realm…

Still unreachable

The connection could not be restored.

Session expired

The server has moved on; the page needs a fresh start.